Map: [ESL] Site Delta

Players

Creator

  • Race: Protoss Protoss
  • Spawn Location: 5:00

Stats - Winner!

  • Race: Protoss Protoss
  • Spawn Location: 11:00

Event: ESL Spring 2024 Finals

VOD

Have the link to the VOD?

Description

Time

  • Played on: June 1, 2024, 10:16 a.m.
  • Length: 12:44

All games in this series

Show
View Real Time Build Order
Export as new Build Order

Creator Protoss 

Build Orders: Oracle Opening 

Get SALT Encoding   

  12  0:00  Probe  
  13  0:12  Probe  
  14  0:20  Pylon  
  14  0:24  Probe  
  15  0:38  Probe (Chrono Boost)  
  15  0:39  Gateway  
  16  0:47  Assimilator  
  16  0:48  Probe (Chrono Boost)  
  17  0:53  Probe (Chrono Boost)  
  18  0:59  Assimilator  
  19  1:04  Probe (Chrono Boost)  
  19  1:07  Pylon  
  19  1:14  Probe (Chrono Boost)  
  20  1:19  Probe (Chrono Boost)  
  21  1:26  Cybernetics Core  
  21  1:30  Probe  
  21  1:32  Zealot  
  24  1:42  Probe  
  24  1:44  Pylon  
  25  1:54  Probe  
  25  2:00  Pylon  
  26  2:04  Stargate  
  26  2:06  Stalker (Chrono Boost)  
  28  2:17  Pylon  
  28  2:18  Warp Gate  
  28  2:29  Stalker  
  30  2:40  Pylon  
  30  2:51  Nexus  
  29  2:58  Oracle (Chrono Boost)  
  29  3:02  Probe  
  33  3:14  Probe  
  34  3:23  Gateway  
  34  3:26  Oracle (Chrono Boost)  
  34  3:33  Pylon  
  38  3:34  Probe  
  38  3:46  Probe  
  39  3:58  Twilight Council  
  39  4:01  Probe (Chrono Boost)  
  40  4:03  Probe (Chrono Boost)  
  41  4:12  Probe (Chrono Boost)  
  41  4:14  Probe (Chrono Boost)  
  43  4:18  Adept x2  
  43  4:20  Probe  
  43  4:22  Probe  
  49  4:25  Gateway  
  49  4:26  Blink (Chrono Boost)  
  49  4:32  Probe  
  49  4:35  Probe  
  51  4:50  Probe x2  
  51  4:51  Pylon  
  51  5:02  Probe x2  
  51  5:05  Stalker x2  
  55  5:15  Gateway  
  55  5:19  Shield Battery  
  55  5:20  Nexus  
  55  5:23  Stalker  
  55  5:29  Probe  
  55  5:30  Probe  
  55  5:32  Stalker  
  55  5:33  Stalker  
  61  5:42  Probe x2  
  63  5:45  Assimilator  
  63  5:47  Stalker, Pylon  
  63  5:49  Pylon  
  65  5:57  Stalker x2  
  65  6:03  Probe  
  70  6:05  Probe  
  70  6:09  Forge  
  71  6:12  Stalker  
  71  6:13  Stalker  
  75  6:21  Stalker x2  
  79  6:27  Pylon  
  79  6:35  Stalker  
  79  6:36  Stalker  
  79  6:39  Probe (Chrono Boost)  
  86  6:43  Shield Battery  
  86  6:44  Probe x2 (Chrono Boost)  
  73  7:04  Stalker x4  
  73  7:06  Probe x2 (Chrono Boost)  
  73  7:07  Protoss Ground Weapons Level 1 (Chrono Boost)  
  84  7:10  Pylon  
  84  7:11  Probe (Chrono Boost)  
  86  7:15  Probe x2 (Chrono Boost)  
  86  7:20  Probe x2 (Chrono Boost)  
  86  7:21  Probe  
  84  7:32  Probe x2  
  84  7:33  Probe  
  84  7:34  Robotics Facility  
  87  7:37  Photon Cannon  
  87  7:39  Stalker x2  
  87  7:43  Stalker, Nexus  
  93  7:44  Adept  
  93  7:45  Probe  
  93  7:46  Probe  
  93  7:50  Pylon  
  97  7:56  Probe  
  97  7:58  Probe  
  99  8:02  Probe  
  100  8:07  Stalker, Adept  
  100  8:09  Charge (Chrono Boost)  
  100  8:11  Probe x2  
  104  8:13  Sentry  
  106  8:20  Shield Battery  
  106  8:23  Gateway x2  
  106  8:26  Gateway  
  106  8:28  Gateway  
  106  8:30  Gateway  
  106  8:33  Probe x3  
  109  8:35  Stalker x2  
  109  8:39  Photon Cannon  
  113  8:42  Shield Battery  
  113  8:44  Observer  
  113  8:45  Zealot x2, Pylon  
  113  8:46  Pylon  
  118  8:51  Gateway  
  118  8:59  Sentry  
  118  9:00  Zealot  
  118  9:01  Warp Prism  
  120  9:10  Zealot x2  
  120  9:12  Protoss Ground Weapons Level 2 (Chrono Boost)  
  120  9:14  Photon Cannon  
  124  9:22  Zealot x6  
  136  9:27  Shield Battery  
  136  9:29  Photon Cannon  
  136  9:30  Stalker, Shield Battery  
  138  9:38  Zealot x2  
  141  9:45  Zealot x5, Gateway  
  151  9:50  Pylon  
  151  9:54  Zealot  
  151  9:56  Pylon  
  151  9:58  Pylon  
  153  10:03  Templar Archives  
  153  10:05  Assimilator  
  153  10:06  Assimilator, Pylon  
  153  10:15  Shield Battery, Pylon  
  153  10:20  Stalker  
  147  10:21  Zealot x2  
  147  10:24  Zealot x5  
  157  10:29  Observer  
  157  10:41  High Templar  
  157  10:42  High Templar  
  157  10:44  Zealot x3  
  157  10:48  Nexus, Archon  
  163  10:51  Pylon  
  163  10:53  Zealot x4  
  163  10:54  Zealot  
  166  11:05  Stalker  
  166  11:10  Zealot x2  
  172  11:14  High Templar x2  
  174  11:18  Archon  
  174  11:23  Zealot x4  
  180  11:32  Shield Battery, Pylon  
  174  11:33  Pylon  
  174  11:34  Pylon x2  
  174  11:35  Observer (Chrono Boost), High Templar x2  
  174  11:39  Archon  
  178  11:41  Stalker  
  178  11:42  Pylon  
  180  11:50  Stalker x2  
  180  11:51  Stalker  
  180  11:55  Zealot x3  
  180  11:56  Zealot  
  186  12:14  Zealot x9  
  198  12:19  Stalker  
  126  12:30  Stalker x3  
  126  12:32  Stalker x2  
Show
View Real Time Build Order
Export as new Build Order

Stats Protoss - Winner!

Build Orders: Blink Stalkers 

Get SALT Encoding   

  12  0:00  Probe  
  13  0:12  Probe  
  14  0:18  Pylon  
  14  0:24  Probe  
  15  0:36  Probe (Chrono Boost)  
  15  0:39  Gateway  
  16  0:46  Probe (Chrono Boost)  
  16  0:47  Assimilator  
  17  0:51  Probe (Chrono Boost)  
  18  1:03  Probe  
  19  1:15  Probe  
  20  1:25  Cybernetics Core  
  20  1:26  Pylon  
  20  1:27  Probe  
  20  1:30  Zealot  
  23  1:35  Assimilator  
  23  1:44  Probe  
  24  1:56  Probe  
  25  2:02  Stalker, Warp Gate (Chrono Boost)  
  25  2:08  Probe  
  28  2:21  Probe  
  29  2:24  Pylon  
  29  2:32  Nexus  
  29  2:33  Stalker  
  31  2:42  Probe  
  32  2:45  Gateway  
  32  2:55  Probe  
  33  3:07  Probe  
  34  3:14  Pylon  
  34  3:15  Twilight Council  
  34  3:19  Probe (Chrono Boost)  
  35  3:32  Probe (Chrono Boost)  
  36  3:39  Probe (Chrono Boost)  
  37  3:43  Stalker x2  
  37  3:45  Probe (Chrono Boost)  
  37  3:46  Probe (Chrono Boost)  
  43  3:51  Blink (Chrono Boost)  
  42  3:57  Probe (Chrono Boost)  
  42  3:58  Probe (Chrono Boost)  
  42  4:02  Probe (Chrono Boost)  
  43  4:03  Probe (Chrono Boost)  
  43  4:07  Stalker x2  
  49  4:11  Probe  
  49  4:12  Pylon, Probe  
  51  4:25  Pylon, Probe x2  
  51  4:27  Assimilator  
  53  4:32  Stalker x2  
  57  4:51  Probe x2  
  58  4:55  Stalker  
  58  4:56  Stalker  
  60  5:05  Probe (Chrono Boost)  
  60  5:06  Probe (Chrono Boost)  
  59  5:17  Probe (Chrono Boost)  
  59  5:19  Nexus  
  59  5:20  Stalker x2, Pylon  
  65  5:23  Probe (Chrono Boost)  
  64  5:28  Probe (Chrono Boost)  
  64  5:30  Probe  
  64  5:34  Robotics Facility  
  66  5:37  Forge  
  66  5:40  Probe  
  67  5:43  Probe  
  67  5:46  Sentry  
  67  5:47  Sentry  
  72  5:52  Probe  
  72  5:55  Probe  
  74  6:01  Gateway, Phoenix  
  74  6:03  Gateway  
  74  6:05  Shield Battery, Protoss Ground Weapons Level 1, Probe (Chrono Boost)  
  74  6:07  Probe (Chrono Boost)  
  74  6:09  Pylon  
  76  6:16  Charge  
  76  6:17  Probe (Chrono Boost)  
  76  6:18  Stalker x2  
  82  6:19  Probe (Chrono Boost)  
  82  6:24  Probe (Chrono Boost)  
  83  6:25  Probe (Chrono Boost), Pylon  
  83  6:29  Observer  
  83  6:31  Probe (Chrono Boost)  
  86  6:38  Probe (Chrono Boost)  
  86  6:39  Probe (Chrono Boost)  
  89  6:40  Probe (Chrono Boost)  
  89  6:45  Probe x3 (Chrono Boost)  
  87  6:47  Stalker  
  87  6:48  Stalker  
  80  6:58  Stalker x2  
  83  7:06  Immortal (Chrono Boost)  
  83  7:07  Probe  
  83  7:08  Probe x2  
  90  7:11  Stalker x2  
  94  7:18  Observer  
  94  7:19  Shield Battery  
  94  7:22  Stalker x2  
  84  7:32  Probe x3  
  84  7:35  Gateway  
  87  7:37  Gateway  
  87  7:38  Gateway  
  87  7:42  Immortal (Chrono Boost)  
  87  7:44  Probe x3  
  94  7:53  Gateway  
  94  7:56  Probe x2  
  94  7:57  Pylon, Probe  
  97  8:05  Zealot x4  
  100  8:08  Protoss Ground Weapons Level 2 (Chrono Boost)  
  100  8:11  Probe x3  
  106  8:14  Observer  
  107  8:20  Observer  
  107  8:21  Nexus  
  107  8:22  Pylon  
  108  8:27  Probe x3  
  109  8:36  Zealot x6  
  121  8:41  Probe x3  
  124  8:54  Shield Battery  
  124  8:59  Zealot x4  
  132  9:08  Pylon  
  132  9:09  Pylon  
  132  9:10  Pylon  
  132  9:11  Templar Archives  
  132  9:19  Warp Prism  
  132  9:20  Gateway  
  132  9:21  Gateway  
  132  9:23  Pylon  
  132  9:28  Zealot x3, Sentry  
  142  9:42  Zealot x4  
  142  9:44  Pylon  
  150  9:47  Photon Cannon x2  
  150  9:50  High Templar  
  150  9:51  High Templar x3  
  158  9:55  Archon x2  
  158  10:00  Pylon  
  158  10:03  Zealot x3  
  158  10:04  Zealot  
  166  10:11  Warp Prism  
  166  10:13  Photon Cannon  
  166  10:14  Photon Cannon  
  166  10:16  Protoss Ground Weapons Level 3 (Chrono Boost)  
  162  10:33  Zealot x10  
  178  10:43  Nexus, Pylon  
  178  10:54  Stalker x5  
  188  11:08  Zealot x5  
  196  11:25  High Templar x2  
  188  11:26  Zealot x3  
  188  11:29  Shield Battery  
  188  11:31  Photon Cannon  
  194  11:35  Archon  
  194  11:36  Zealot x4  
  200  11:40  Assimilator  
  200  11:41  Assimilator  
  200  11:44  Gateway  
  200  11:45  Warp Prism (Chrono Boost), Gateway  
  200  11:46  Shield Battery  
  200  11:48  Photon Cannon  
  200  11:49  Photon Cannon  
  196  12:02  Pylon  
  196  12:15  High Templar x2  
  200  12:21  Zealot, Archon  
  200  12:22  Zealot  
  198  12:23  Zealot  
  198  12:24  Zealot x4  
  198  12:25  Zealot  
Tags
 
Add a new tag
Caveats
  • Supply blocks, unpowered buildings, or Contaminate may cause inaccurate times.
  • Supply counts are checked every 10 seconds.